 Dungeon Sprint DCSS version 0.23.0-3-gf3c87f2 (webtiles) character file.

Game seed: 2515683511537434457

1100000 Fang the Warrior (level 12, -1/88 HPs)
             Began as a Gargoyle Gladiator on Feb 21, 2019.
             Was an Initiate of Makhleb.
             Slain by a bag of meat
             ... wielding a +9 war axe
              (33 damage)
             ... in the Dungeon (Sprint VIII: "Arena of Blood").
             The game lasted 00:00:11 (11 turns).

Fang the Warrior (Gargoyle Gladiator)                 Turns: 11, Time: 00:00:12

Health: -1/88      AC: 12    Str: 23    XL:     12   Next: 2%
Magic:  12/12      EV: 18    Int:  9    God:    Makhleb [......]
Gold:   0          SH:  0    Dex: 11    Spells: 11/11 levels left

rFire    . . .     SeeInvis .   l - +∞ Axe of Woe
rCold    . . .     Gourm    .   (shield currently unavailable)
rNeg     + . .     Faith    .   b - +0 leather armour
rPois    ∞         Spirit   .   c - +0 helmet
rElec    +         Reflect  .   (no cloak)
rCorr    .         Harm     .   (no gloves)
MR       .....     NoTele   +   (no boots)
Stlth    +.........             (no amulet)
HPRegen  0.24/turn              (no ring)
MPRegen  0.13/turn              (no ring)

@: no status effects
A: negative energy resistance 1, electricity resistance, unbreathing,
petrification resistance, rot immunity, AC +8
a: Renounce Religion


You were in the Dungeon.
You worshipped Makhleb.
Makhleb was noncommittal.
You were not hungry.

You visited 1 branch

Inventory:

Hand Weapons
 a - a +0 war axe
 l - the +∞ Axe of Woe (weapon)
   (You found it in the Dungeon)
Missiles
 d - 3 throwing nets (quivered)
Armour
 b - a +0 leather armour (worn)
 c - a +0 helmet (worn)
Scrolls
 k - a scroll of blinking
Potions
 e - a potion of curing
 g - a potion of heal wounds
 h - a potion of haste
 i - 2 potions of magic
 j - a potion of berserk rage
Comestibles
 f - a ration


   Skills:
 + Level 15.8 Fighting
 + Level 13.7 Axes
 + Level 13.6 Throwing
 + Level 12.7 Dodging


You had 11 spell levels left.
You didn't know any spells.
Your spell library was empty.

Dungeon Overview and Level Annotations

Branches:
Dungeon (1/1)

Altars:
Makhleb


Innate Abilities, Weirdness & Mutations

You are resistant to torment.
Your stone body is resilient. (AC +8)
You are immune to poison.
You resist negative energy. (rN+)
You are resistant to electric shocks. (rElec)
You can survive without breathing.
You are immune to petrification.
You are immune to rotting.


Message History

Increase (S)trength, (I)ntelligence, or (D)exterity?
You feel stronger.
You have reached level 7!
You have reached level 8!
You feel clever.
You have reached level 9!
Your experience leads to an increase in your attributes!
Increase (S)trength, (I)ntelligence, or (D)exterity?
You feel stronger.
You have reached level 10!
You have reached level 11!
You have reached level 12!
Your experience leads to an increase in your attributes!
Increase (S)trength, (I)ntelligence, or (D)exterity?
You feel stronger. x2
You hear a shout! x6
The bag of meat hits you with a +9 war axe!!
You hear a shout! x2
The bag of meat hits you with a +9 war axe!!
You die...

..... ... #...
..# . #... ..#
. ..###...
..###..
......###......
......_......
#.....# #@o<._#
#o....#
......_......
......###......
..###...
..###.. . #...
..# . #... ..#
..... ...


You could see 2 bags of meat.

Vanquished Creatures
  An orc (D)
1 creature vanquished.

Notes
Turn   | Place    | Note
-------+----------+-------------------------------------------
     0 | D        | Found the +∞ Axe of Woe
     0 | D        | Fang the Gargoyle Gladiator began the quest for the Orb.
     0 | D        | Reached XP level 1. HP: 12/12 MP: 1/1
     2 | D        | Noticed a bag of meat
     4 | D        | Became a worshipper of Makhleb the Destroyer
     5 | D        | Noticed a bag of meat
     5 | D        | Noticed a bag of meat
    11 | D        | Killed a bag of meat
    11 | D        | Reached skill level 15 in Fighting
    11 | D        | Reached XP level 2. HP: 25/36 MP: 2/2
    11 | D        | Reached XP level 3. HP: 28/40 MP: 3/3
    11 | D        | Reached XP level 4. HP: 32/46 MP: 4/4
    11 | D        | Reached XP level 5. HP: 35/51 MP: 5/5
    11 | D        | Reached XP level 6. HP: 39/56 MP: 6/6
    11 | D        | Reached XP level 7. HP: 42/61 MP: 7/7
    11 | D        | Reached XP level 8. HP: 47/68 MP: 8/8
    11 | D        | Reached XP level 9. HP: 50/72 MP: 9/9
    11 | D        | Reached XP level 10. HP: 54/78 MP: 10/10
    11 | D        | Reached XP level 11. HP: 58/83 MP: 11/11
    11 | D        | Reached XP level 12. HP: 61/88 MP: 12/12
    11 | D        | Slain by a bag of meat

Skill      XL: |  1 |
---------------+----+-----
Fighting       | 15 | 15.8
Axes           | 13 | 13.7
Throwing       | 13 | 13.6
Dodging        | 12 | 12.7

Action                   |  1- 3 |  4- 6 |  7- 9 | 10-12 || total
-------------------------+-------+-------+-------+-------++-------
Melee: Executioner's axe |     1 |       |       |       ||     1
